 Dungeon Crawl Stone Soup version 0.16.1-11-g651b585 (webtiles) character file.

128 PaulMcIcedTea the Charmwright (level 4, -2/30 HPs)
             Began as a High Elf Skald on Apr 4, 2015.
             Was an Initiate of Nemelex Xobeh.
             Slain by an orc wizard
             ... wielding a +0 dagger
              (3 damage)
             ... on level 3 of the Dungeon.
             The game lasted 00:25:36 (3197 turns).

PaulMcIcedTea the Charmwright (High Elf Skald)      Turns: 3197, Time: 00:25:37

Health: -2/30      AC:  5    Str: 14    XL:     4   Next: 86%
Magic:  1/13       EV: 12    Int: 16    God:    Nemelex Xobeh [......]
Gold:   84         SH:  0    Dex: 18    Spells: 4 memorised, 1 level left

rFire  + . .     SeeInvis .     a - +0 short sword
rCold  + + .     Clarity  .     i - +0 leather armour
rNeg   . . .     SustAb   .     (no shield)
rPois  +         Gourm    .     (no helmet)
rElec  +         Spirit   .     (no cloak)
rCorr  +         Warding  .     (no gloves)
rMut   .         Stasis   .     (no boots)
MR     .....                    (no amulet)
Stlth  +.........               l - +4 ring of dexterity
                                k - ring of wizardry

@: stone skin, resistant (expiring), infused, not resistant to hostile
enchantments, very unstealthy
A: cold resistance 1, strong 1, no device heal 1
a: Renounce Religion


You were on level 3 of the Dungeon.
You worshipped Nemelex Xobeh.
Nemelex Xobeh was noncommittal.
You were not hungry.

You visited 1 branch of the dungeon, and saw 3 of its levels.

You collected 84 gold pieces.

Inventory:

Hand weapons
 a - a +0 short sword (weapon)
Armour
 i - a +0 leather armour (worn)
Jewellery
 k - a ring of wizardry (left hand)
 l - a +4 ring of dexterity (right hand)
Scrolls
 b - a scroll of identify
 f - a scroll of remove curse
 j - a scroll of noise {unknown}
 q - a scroll of enchant armour {unknown}
Potions
 g - a potion of invisibility
Books
 c - a book of Battle

   Spells                             Type                      Level
   a - Infusion                       Charms                       1
   b - Shroud of Golubria             Charms/Translocation         2
   c - Song of Slaying                Charms                       2
   d - Spectral Weapon                Hexes/Charms                 3
   e - Regeneration                   Charms/Necromancy            3
 t - a book of Burglary

   Spells                             Type                      Level
   a - Swiftness                      Charms/Air                   2
   b - Passwall                       Transmutation/Earth          3
   c - Passage of Golubria            Translocation                4
   d - Lee's Rapid Deconstruction     Earth                        5
   e - Invisibility                   Hexes                        6
   f - Darkness                       Hexes                        7
Miscellaneous
 s - an ornate deck of war {drawn: 2}
Comestibles
 d - 2 bread rations
 o - 4 fruits


   Skills:
 + Level 2.3 Fighting
 + Level 2.9 Short Blades
 + Level 1.6 Armour
 + Level 2.0 Dodging
 + Level 3.7 Spellcasting
 + Level 0.2 Hexes
 + Level 4.6 Charms


You had one spell level left.
You knew the following spells:

 Your Spells              Type           Power        Failure   Level  Hunger
a - Infusion              Chrm           ###...       1%          1    None
b - Spectral Weapon       Hex/Chrm       ##......     12%         3    ###....
c - Song of Slaying       Chrm           ###.....     2%          2    ##.....
d - Regeneration          Chrm/Necr      ##........   12%         3    ###....


Dungeon Overview and Level Annotations

Branches:
Dungeon (3/15)

Altars:
Nemelex Xobeh
Vehumet
Xom


Innate Abilities, Weirdness & Mutations

Your flesh is cold resistant.
Your muscles are strong. (Str +2)
Potions and wands are less effective at restoring your health.


Message History

Casting: Regeneration
Confirm with . or Enter, or press ? or * to list all spells.
You don't have enough magic to cast that spell.
You start to feel less resistant.
Something hits you but does no damage. The orc closely misses you.
You closely miss the orc. Something hits you but does no damage.
You hit the orc but do no damage. The orc hits you but does no damage.
You hear some strange, mumbled words.
The magic dart hits you!
* * * LOW HITPOINT WARNING * * *
You hit the orc.
The orc is heavily wounded.
The orc hits you with a hand axe.
* * * LOW HITPOINT WARNING * * *
Something hits you but does no damage.
You hit the orc.
You kill the orc!
Something hits you.
You die...
Your body disappears without a glow.

.####.....#
..........#
##......####
#.#.......######
#.#.##.##.##...##
##.#....# ##.....##
##.#.##.###.......#
##.#.##.#....._{..#
.....[....#....)@.#
#######<..##.....##
# #######...## #
#####


There were no monsters in sight!

Vanquished Creatures
  The ghost of arnash the Sneak, a weakling DsAs (D:3)
  4 adders
  2 worms (D:2)
  2 giant geckos (D:1)
  An ooze (D:1)
  3 orcs (D:3)
  6 bats
  3 giant cockroaches
  9 hobgoblins
  8 kobolds
  A ball python (D:1)
  5 giant newts
  11 goblins
  A jackal skeleton (D:3)
  2 quokkas (D:3)
  7 rats
66 creatures vanquished.

Notes
Turn   | Place    | Note
--------------------------------------------------------------
     0 | D:1      | PaulMcIcedTea, the High Elf Skald, began the quest for the Orb.
     0 | D:1      | Reached XP level 1. HP: 14/14 MP: 4/4
   264 | D:1      | Reached skill level 1 in Armour
   313 | D:1      | Reached XP level 2. HP: 14/19 MP: 3/6
   761 | D:1      | Reached XP level 3. HP: 21/24 MP: 1/9
   822 | D:1      | Reached skill level 4 in Charms
  1071 | D:1      | Learned a level 3 spell: Spectral Weapon
  1078 | D:1      | Learned a level 2 spell: Song of Slaying
  1285 | D:2      | Found a sparkling altar of Nemelex Xobeh.
  1290 | D:2      | Found a shimmering altar of Xom.
  1295 | D:2      | Became a worshipper of Nemelex Xobeh the Trickster
  1588 | D:2      | Reached XP level 4. HP: 29/29 MP: 1/12
  1677 | D:2      | Gained mutation: Your muscles are strong. (Str +2) [potion of mutation]
  1677 | D:2      | Gained mutation: Potions and wands are less effective at restoring your health. [potion of mutation]
  1677 | D:2      | Gained mutation: Your flesh is cold resistant. [potion of mutation]
  2025 | D:2      | Learned a level 3 spell: Regeneration
  2932 | D:3      | Noticed arnash's ghost (weakling DsAs)
  2938 | D:3      | Killed arnash's ghost
  3053 | D:3      | Received a gift from Nemelex Xobeh
  3093 | D:3      | Found a radiant altar of Vehumet.
  3196 | D:3      | HP: 1/30 [orc/hand axe (2)]
  3197 | D:3      | Slain by an orc wizard

Action                   |  1- 3 |  4- 6 || total
-------------------------+-------+-------++-------
Melee: Short sword       |   115 |    76 ||   191
 Cast: Infusion          |    23 |    17 ||    40
       Spectral Weapon   |     5 |    16 ||    21
       Song of Slaying   |     4 |    14 ||    18
       Regeneration      |       |     5 ||     5
Evoke: Deck              |       |     2 ||     2
  Use: Potion            |     3 |     6 ||     9
       Scroll            |     3 |     2 ||     5
 Stab: Distracted        |     1 |       ||     1
       Sleeping          |       |     1 ||     1
  Eat: Chunk             |     2 |       ||     2
       Meat ration       |     1 |       ||     1
       Bread ration      |       |     1 ||     1
